 Dungeon Crawl Stone Soup version 0.25-a0-346-g140ab78 (webtiles) character file.

Game seed: 16212463166980342532, levelgen mode: deterministic

24 FrankyJ the Grave Robber (level 2, 0/19 HPs)
             Began as a Mummy Necromancer on Dec 23, 2019.
             Slain by a jelly (2 damage)
             ... on level 2 of the Dungeon on Dec 31, 2019.
             The game lasted 00:04:58 (1351 turns).

FrankyJ the Grave Robber (Mummy Necromancer)        Turns: 1351, Time: 00:04:59

Health: 0/19       AC: -2    Str: 11    XL:     2   Next: 79%
Magic:  1/6        EV: 12    Int: 14    God:
Gold:   49         SH:  0    Dex: 12    Spells: 5/7 levels left

rFire    x . .     SeeInvis .   d - +0 whip
rCold    + . .     Gourm    .   (no shield)
rNeg     + + +     Faith    .   a - +0 robe
rPois    ∞         Spirit   .   (no helmet)
rElec    .         Reflect  .   (no cloak)
rCorr    .         Harm     .   (no gloves)
MR       .....     Rnd*Tele +   (no boots)
Stlth    ++........             (no amulet)
HPRegen  0.06/turn              g - ring of teleportation (curse)
MPRegen  0.10/turn              (no ring)

@: corroded, very slightly contaminated
A: no food or potions, fire vulnerability, cold resistance 1, negative energy
resistance 3, torment resistance, unbreathing
a: no special abilities


You were on level 2 of the Dungeon.
You were not hungry.

You visited 1 branch of the dungeon, and saw 2 of its levels.

You collected 49 gold pieces.

Inventory:

Hand Weapons
 d - a +0 whip (weapon)
Missiles
 b - 4 boomerangs (quivered)
Armour
 a - a +0 robe (worn)
Jewellery
 g - a cursed ring of teleportation (left hand)
Scrolls
 c - a scroll of enchant weapon {unknown}
 e - 2 scrolls of identify
 f - a scroll of remove curse {unknown}
 h - a scroll of fear {unknown}


   Skills:
 + Level 2.0 Dodging
 + Level 2.1 Stealth
 + Level 3.2 Spellcasting
 - Level 4.0 Necromancy


You had 5 spell levels left.
You knew the following spells:

 Your Spells              Type           Power        Failure   Level  Hunger
a - Pain                  Necr           ##..         4%          1    N/A
b - Animate Skeleton      Necr           N/A          4%          1    N/A

Your spell library contained the following spells:

 Spells                   Type           Power        Failure   Level  Hunger
 Vampiric Draining        Necr           ##........   12%         3    N/A
 Animate Dead             Necr           N/A          38%         4    N/A
 Regeneration             Chrm/Necr      Unusable     N/A         3    N/A

Dungeon Overview and Level Annotations

Branches:
Dungeon (2/15)

Altars:


Innate Abilities, Weirdness & Mutations

You do not eat or drink.
Your flesh is vulnerable to fire.
You are immune to poison.
Your flesh is cold resistant. (rC+)
You are immune to negative energy. (rN+++)
You are immune to unholy pain and torment.
You can survive without breathing.


Message History

Aiming: Pain (safe; 4% risk of failure)
Press: ? - help, Shift-Dir - straight line, f/p - jelly
Aim: a jelly (lightly wounded, chance to defeat MR: 77%)
The jelly writhes in agony.
The jelly closely misses you.
Casting: Pain (safe; 4% risk of failure)
Confirm with . or Enter, or press ? or * to list all spells.
Aiming: Pain (safe; 4% risk of failure)
Press: ? - help, Shift-Dir - straight line, f/p - jelly
Aim: a jelly (lightly wounded, chance to defeat MR: 77%)
The jelly barely resists.
The jelly hits you.
You are splashed with acid.
You barely miss the jelly.
The jelly is lightly wounded.
The jelly hits you. The acid corrodes you!
You are splashed with acid!
* * * LOW HITPOINT WARNING * * *
Found a shield.
You see here a shield.
You see here a scroll labeled EDAFECOBIE.
h - a scroll labeled EDAFECOBIE The jelly hits you.
You die...

## ## .. ..#
#.##.## #
#..... #
#.#....# .# ..
#.#....##.#....
#..............
#....)# #.@.#.#
#J###.#.##
#.[......#
###.#.##.#
#.#.# # #.#.#
#.#.. #.### #.#


You could see a jelly.

Vanquished Creatures
  A leopard gecko (D:1)
  3 goblins
  4 hobgoblins (D:1)
  3 kobolds
  2 bats
  A frilled lizard (D:1)
  5 rats (D:1)
19 creatures vanquished.

Vanquished Creatures (collateral kills)
  A giant cockroach (D:1)
  A hobgoblin (D:1)
  A rat (D:1)
3 creatures vanquished.

Grand Total: 22 creatures vanquished

Notes
Turn   | Place    | Note
-------+----------+-------------------------------------------
     0 | D:1      | FrankyJ the Mummy Necromancer began the quest for the Orb.
     0 | D:1      | Reached XP level 1. HP: 13/13 MP: 4/4
    37 | D:1      | Upgraded the game from 0.25-a0-310-g60f0ac2 to
                  | 0.25-a0-322-g3677130
   132 | D:1      | Learned a level 1 spell: Animate Skeleton
   328 | D:1      | Reached XP level 2. HP: 19/19 MP: 6/6
  1285 | D:2      | Upgraded the game from 0.25-a0-322-g3677130 to
                  | 0.25-a0-346-g140ab78
  1351 | D:2      | Slain by a jelly

Levels and vault maps discovered:
D:1:      saegor_arrival_simple_d, layout_basic, st_stairs_10
D:2:      layout_loops_corners, marbit_many_paths,
          gammafunk_temple_overflow_elements

Skill      XL: |  1  2 |
---------------+-------+-----
Spellcasting   | 3 |  3.2
Stealth        | 2 |  2.1
Dodging        | 2 |  2.0
Necromancy     | |  4.0

Action                   || total
-------------------------++-------
Melee: Whip              ||    35
 Cast: Pain              ||    36
       Animate Skeleton  ||     8
  Use: Scroll            ||     1
 Stab: Sleeping          ||     5
Armor: Robe              ||     5
Dodge: Dodged            ||    27

Table legend:
 A = Non-vault XP
 B = Vault XP
 C = Vault XP percentage of total XP
 D = Non-vault monster count
 E = Vault monster count
 F = Vault count percentage of total count
                 A         B        C        D         E       F
            +---------+---------+-------+---------+---------+-------
      Total |      31 |       4 |  11.4 |      19 |       3 |  13.6
            +---------+---------+-------+---------+---------+-------
        D:1 |      27 |       4 |  12.9 |      16 |       3 |  15.8
        D:2 |       4 |       0 |   0.0 |       3 |       0 |   0.0
            +---------+---------+-------+---------+---------+-------
